 Dungeon Crawl Stone Soup version 0.23.0 (webtiles) character file.

Game seed: 17680587660928402772

36 Borgoz the Skirmisher (level 3, -1/31 HPs)
             Began as a Ghoul Monk on Feb 17, 2019.
             Slain by a quokka (3 damage)
             ... on level 1 of the Dungeon.
             The game lasted 00:01:49 (585 turns).

Borgoz the Skirmisher (Ghoul Monk)                   Turns: 585, Time: 00:01:50

Health: -1/31      AC:  2    Str: 14    XL:     3   Next: 37%
Magic:  2/2        EV: 13    Int:  5    God:
Gold:   34         SH:  0    Dex: 12    Spells: 2/2 levels left

rFire    . . .     SeeInvis .   a - +0 short sword
rCold    + . .     Gourm    .   (no shield)
rNeg     + + +     Faith    .   b - +0 robe
rPois    ∞         Spirit   .   (no helmet)
rElec    .         Reflect  .   (no cloak)
rCorr    .         Harm     .   (no gloves)
MR       .....                  (no boots)
Stlth    ++........             (no amulet)
HPRegen  0.00/turn              (no ring)
MPRegen  0.08/turn              (no ring)

@: rotting
A: rotting body, claws 1, carnivore, cold resistance 1, negative energy
resistance 3, inhibited regeneration, torment resistance, unbreathing
a: no special abilities


You were on level 1 of the Dungeon.
You were not hungry.

You visited 1 branch of the dungeon, and saw 2 of its levels.

You collected 34 gold pieces.

Inventory:

Hand Weapons
 a - a +0 short sword (weapon)
Armour
 b - a +0 robe (worn)
Jewellery
 g - a +3 ring of intelligence {unknown}
Scrolls
 d - a scroll of fog {unknown}
 e - a scroll of remove curse {unknown}
Potions
 f - a potion of ambrosia {unknown}
 i - a potion of degeneration {unknown}
 j - a potion of haste {unknown}
Comestibles
 c - a ration
 h - a chunk of flesh


   Skills:
 + Level 3.6 Fighting
 + Level 3.0 Short Blades
 + Level 0.9 Armour
 + Level 3.0 Dodging
 + Level 2.7 Stealth


You had 2 spell levels left.
You didn't know any spells.
Your spell library was empty.

Dungeon Overview and Level Annotations

Branches:
Dungeon (2/15)

Altars:


Innate Abilities, Weirdness & Mutations

Your body is rotting away.
You thrive on raw meat.
You are immune to poison.
You have sharp fingernails.
You are carnivorous and can eat meat at any time.
Your flesh is cold resistant. (rC+)
You are immune to negative energy. (rN+++)
You do not regenerate when monsters are visible.
You are immune to unholy pain and torment.
You can survive without breathing.


Message History

You barely miss the quokka. The quokka bites you.
* * * LOW HITPOINT WARNING * * *
The quokka closely misses you. The quokka misses you.
Some of the chunks of flesh in your inventory have rotted away.
There is a stone staircase leading up here.
The quokka closely misses you.
You climb upwards.
There is a stone staircase leading down here.
You barely miss the quokka. The quokka completely misses you.
You completely miss the quokka. The quokka closely misses you.
You barely miss the quokka. The quokka bites you.
* * * LOW HITPOINT WARNING * * *
You hit the quokka but do no damage. The quokka bites you.
* * * LOW HITPOINT WARNING * * *
The quokka closely misses you.
You hit the quokka.
The quokka is heavily wounded.
The quokka bites you.
You die...

## #.............# #.#.#
.#######.÷..........# #)#.#######
.##....#..##...###.####(#.##....÷
.......#.####>.###.###..#.##....#
.........# #......##..##.##...##
........######......).###......#
............##.............#...##
.......####..#.......(...........
................@....(......####.
......########.r.............###÷
.................................
......########................##.
......# #..............†.###
......## #................#
.##....# #................#
..#....## ####........(......##
#.......###....##...........###


You could see a quokka.

Vanquished Creatures
  A ball python (D:1)
  8 bats (D:1)
  3 giant cockroaches
  6 goblins (D:1)
  4 hobgoblins (D:1)
  2 jackals (D:1)
  2 frilled lizards (D:1)
  4 kobolds (D:1)
  3 rats (D:1)
33 creatures vanquished.

Notes
Turn   | Place    | Note
-------+----------+-------------------------------------------
     0 | D:1      | Borgoz the Ghoul Monk began the quest for the Orb.
     0 | D:1      | Reached XP level 1. HP: 19/19 MP: 0/0
    45 | D:1      | Reached XP level 2. HP: 25/26 MP: 1/1
   316 | D:1      | Reached XP level 3. HP: 29/31 MP: 2/2
   585 | D:1      | Slain by a quokka

Skill      XL: |  1  2  3 |
---------------+----------+-----
Short Blades   | 3 |  3.0
Dodging        | 3 |  3.0
Fighting       | |  3.6
Armour         | |  0.9
Stealth        | |  2.7

Action                   || total
-------------------------++-------
Melee: Short sword       ||   117
 Stab: Sleeping          ||     3
  Eat: Chunk             ||     9
Armor: Robe              ||    24
Dodge: Dodged            ||    78
